 Dungeon Crawl Stone Soup version 0.26-b1-59-ge38874ec40 (webtiles) character file.

Game seed: 2730660330321883004

71 thedisplayname the Skirmisher (level 4, -1/35 HPs)
             Began as a Demonspawn Fighter on Jan 8, 2021.
             Killed from afar by an orc wizard (7 damage)
             ... with a magic dart
             ... on level 3 of the Dungeon.
             The game lasted 00:03:34 (1994 turns).

thedisplayname the Skirmisher (Demonspawn Fighter)  Turns: 1994, Time: 00:03:34

Health: -1/35      AC:  6    Str: 17    XL:     4   Next: 5%
Magic:  4/4        EV:  9    Int: 10    God:
Gold:   180        SH:  0    Dex: 12    Spells: 3/3 levels left

rFire    . . .     SeeInvis .   a - +0 war axe
rCold    . . .     Faith    .   c - +0 kite shield
rNeg     . . .     Spirit   .   b - +0 scale mail
rPois    .         Reflect  .   (no helmet)
rElec    .         Harm     .   (no cloak)
rCorr    .         Rampage  .   (no gloves)
Will     .....                  (no boots)
Stlth    ..........             (no amulet)
HPRegen  0.11/turn              (no ring)
MPRegen  0.09/turn              (no ring)

@: confused
A: repulsion field 1, powered by pain 1
a: no special abilities


You were on level 3 of the Dungeon.
You visited 1 branch of the dungeon, and saw 3 of its levels.

You collected 180 gold pieces.

Inventory:

Hand Weapons
 a - a +0 war axe (weapon)
Armour
 b - a +0 scale mail (worn)
 c - a +0 kite shield (worn)
Scrolls
 e - 2 scrolls of remove curse
 g - 2 scrolls of identify
 h - a scroll of fog {unknown}
 j - a scroll of noise {unknown}
Potions
 d - 2 potions of might
 f - 2 potions of curing
 i - 2 potions of lignification


   Skills:
 + Level 3.4 Fighting
 + Level 2.5 Axes
 + Level 3.3 Armour
 + Level 0.5 Dodging
 + Level 3.0 Shields


You had 3 spell levels left.
You didn't know any spells.
Your spell library was empty.

Dungeon Overview and Level Annotations

Branches:
Dungeon (3/15)

Altars:


Innate Abilities, Weirdness & Mutations

You are surrounded by a mild repulsion field. (EV +2)
You sometimes gain a little power by taking damage.


Message History

You hear some strange, mumbled words.
Something tries to affect you, but you resist.
Something hits you but does no damage.
You barely miss something. Something hits you but does no damage.
You miss something.
You hear some strange, mumbled words.
You are confused.
Something hits you.
You bump into the rock wall.
Something hits you.
You bump into the rock wall.
Something hits you.
* * * LOW HITPOINT WARNING * * *
You completely miss something. Something hits you but does no damage.
You closely miss something. Something hits you but does no damage.
Something hits you.
* * * LOW HITPOINT WARNING * * *
You bump into the rock wall.
You hear some strange, mumbled words.
A magic dart appears from out of thin air!
The magic dart hits you!
You die...

#.# ##..##.#
#.....# ..#
##.#..# #..#..#
.## #...##
##.#### ##..#
#.#### #..#
#....>
######.###
#####.
..........#####
#####
#########.....#
#....
#..ooo{@.....#
#....
#.############
#.... #####


You could see 3 orcs.

Vanquished Creatures
  An adder (D:3)
  An ooze (D:1)
  3 dart slugs
  2 leopard geckos
  An orc (D:3)
  3 giant cockroaches
  6 goblins
  4 hobgoblins
  3 ball pythons
  5 bats
  5 frilled lizards
  6 kobolds
  11 rats
51 creatures vanquished.

Vanquished Creatures (others)
  A plant (D:2)
1 creature vanquished.

Grand Total: 52 creatures vanquished

Notes
Turn   | Place    | Note
-------+----------+-------------------------------------------
     0 | D:1      | thedisplayname the Demonspawn Fighter began the quest for
                  | the Orb.
     0 | D:1      | Reached XP level 1. HP: 18/18 MP: 1/1
   183 | D:1      | Gained mutation: You sometimes gain a little power by
                  | taking damage. [demonic ancestry]
   183 | D:1      | Reached XP level 2. HP: 22/24 MP: 2/2
   778 | D:2      | Gained mutation: You are surrounded by a mild repulsion
                  | field. (EV +2) [demonic ancestry]
   778 | D:2      | Reached XP level 3. HP: 29/29 MP: 3/3
  1755 | D:3      | Reached XP level 4. HP: 32/35 MP: 4/4
  1994 | D:3      | Killed from afar by an orc wizard

Illustrated notes

Levels and vault maps discovered:
D:1:      lemuel_arrival_tunnels, layout_basic
D:2:      layout_basic, minmay_crystal_water, serial_bayou_pond_e
D:3:      layout_rooms, gammafunk_temple_overflow_claw, uniq_grinder

Skill      XL: |  1  2  3 |
---------------+----------+-----
Axes           | 2 |  2.5
Armour         | 3 |  3.3
Shields        | 3 |  3.0
Fighting       | |  3.4
Dodging        | |  0.5

Action                   |  1- 3 |  4- 6 || total
-------------------------+-------+-------++-------
Melee: War axe           |   140 |    31 ||   171
  Use: Scroll            |     6 |       ||     6
       Potion            |     2 |       ||     2
Armor: Scale mail        |    72 |    15 ||    87
Dodge: Dodged            |    46 |     2 ||    48
Block: Kite shield       |    61 |     8 ||    69
